 Dungeon Crawl Stone Soup version bcrawl-1.13.1-9-ga81ed0b431 (webtiles) character file.

Game seed: 16700186090911024218

165 Roikka the Cudgeler (level 5, -4/41 HPs)
             Began as a Demonspawn Gladiator on Aug 6, 2019.
             Was a Follower of Qazlal.
             Slain by a sky beast (5 damage)
             ... on level 3 of the Dungeon.
             The game lasted 00:07:21 (2457 turns).

Roikka the Cudgeler (Demonspawn Gladiator)          Turns: 2457, Time: 00:07:21

Health: -4/41      AC:  6    Str: 15    XL:     5   Next: 21%
Magic:  5/5        EV: 11    Int:  9    God:    Qazlal [*.....]
Gold:   221        SH:  1    Dex: 15    Spells: 4/4 levels left

rFire    . . .     SeeInvis .   j - +0 morningstar
rCold    . . .     Gourm    .   (no shield)
rNeg     . . .     Faith    .   l - +0 scale mail
rPois    .         Spirit   .   (helmet restricted)
rElec    .         Reflect  .   (no cloak)
rCorr    .         Harm     .   (no gloves)
MR       .....                  (no boots)
Stlth    ..........             (no amulet)
HPRegen  0.13/turn              (no ring)
MPRegen  0.09/turn              (no ring)

@: very slow
A: antennae 1, powered by death 2
a: Renounce Religion


You were on level 3 of the Dungeon.
You worshipped Qazlal.
Qazlal was aware of your devotion.
You were not hungry.

You visited 1 branch of the dungeon, and saw 3 of its levels.

You collected 221 gold pieces.

Inventory:

Hand Weapons
 j - a +0 morningstar (weapon)
Missiles
 d - 3 throwing nets {!f}
 k - 33 javelins (quivered)
Armour
 c - a +1 helmet
 l - a +0 scale mail (worn)
Jewellery
 n - an uncursed amulet of the gourmand {unknown}
Wands
 g - a wand of disintegration (8)
Scrolls
 e - 3 scrolls of teleportation
 h - 2 scrolls of fog
Potions
 a - 2 potions of degeneration {unknown}
 i - 2 potions of curing
 m - a potion of lignification {unknown}
 p - a potion of magic {unknown}
Comestibles
 b - 6 chunks of flesh
 f - 3 rations {!d}


   Skills:
 + Level 3.1 Fighting
 * Level 4.3 Maces & Flails
 - Level 1.7 Throwing
 + Level 3.5 Dodging


You had 4 spell levels left.
You didn't know any spells.
Your spell library was empty.

Dungeon Overview and Level Annotations

Branches:
Dungeon (3/12)

Altars:
Kikubaaqudgha
Qazlal
Ru
Yredelemnul


Innate Abilities, Weirdness & Mutations

You have a pair of small antennae on your head.
You regenerate health from kills.


Message History

The sky beast hits you. The sky beast shocks you.
* * * LOW HITPOINT WARNING * * *
The sky beast flickers out of sight!
Deactivating autopickup; reactivate with Ctrl-A.
Something hits you but does no damage.
You closely miss something. Something hits you but does no damage.
You sock something! Something hits you but does no damage.
You closely miss something. Something hits you.
* * * LOW HITPOINT WARNING * * *
Something shocks you.
* * * LOW HITPOINT WARNING * * *
Something hits you but does no damage.
You miss something. Something hits you but does no damage.
You miss something. Something hits you but does no damage.
You enter the shallow water.
Moving in this stuff is going to be slow.
Something hits you.
* * * LOW HITPOINT WARNING * * *
Something shocks you.
You die...

...........#.......#..[.....>...
.<.........#...#...#..#.########
...........###≈#≈###..#.#
.....>...#.....#.....##.#
.###.....#.....#.....##.# ##
#.....#...#####...##.##
####.###.#...._#.....#...#
##...#####.....#.{.≈.#.#.# .
......###).≈≈≈≈#@###...#(# ..
##.##..##..≈...#...#.....# ...
##.###...(.≈.......#..##.###
.... ##.#
###..≈≈≈≈...####.##...#.....
##.# ##..≈.......#..###........
...# #..≈.......#..# #.#......
##.# #.#.#........<# #.#.....#
#### #...#####.....# #.##....#
.## ###.# ##.....# #..#....#


There were no monsters in sight!

Vanquished Creatures
  A vampire bat (D:2)
  2 adders (D:3)
  An ooze (D:1)
  3 worms
  2 dart slugs
  3 leopard geckos (D:1)
  6 orcs (D:3)
  3 ball pythons
  4 bat skeletons (D:2)
  A bat zombie (D:2)
  A giant cockroach (D:1)
  6 goblins
  15 hobgoblins
  5 jackals
  3 quokkas
  8 bats
  4 frilled lizards
  5 kobolds
  3 rats (D:1)
76 creatures vanquished.

Vanquished Creatures (others)
  4 toadstools (D:1)
4 creatures vanquished.

Grand Total: 80 creatures vanquished

Notes
Turn   | Place    | Note
-------+----------+-------------------------------------------
     0 | D:1      | Roikka the Demonspawn Gladiator began the quest for the
                  | Orb.
     0 | D:1      | Reached XP level 1. HP: 16/16 MP: 1/1
   168 | D:1      | Reached skill level 3 in Maces & Flails
   168 | D:1      | Gained mutation: You regenerate a little health from kills.
                  | [demonic ancestry]
   168 | D:1      | Reached XP level 2. HP: 20/22 MP: 2/2
   566 | D:1      | Gained mutation: You regenerate health from kills. [demonic
                  | ancestry]
   566 | D:1      | Reached XP level 3. HP: 28/28 MP: 3/3
  1197 | D:2      | Found a basalt altar of Yredelemnul.
  1504 | D:2      | Found a stormy altar of Qazlal.
  1545 | D:2      | Reached XP level 4. HP: 34/34 MP: 4/4
  1576 | D:2      | Became a worshipper of Qazlal Stormbringer
  1687 | D:2      | Found an ancient bone altar of Kikubaaqudgha.
  1726 | D:2      | Reached skill level 4 in Maces & Flails
  1952 | D:3      | Gained mutation: You have a pair of small antennae on your
                  | head. [demonic ancestry]
  1952 | D:3      | Reached XP level 5. HP: 40/41 MP: 5/5
  1956 | D:3      | Found a sacrificial altar of Ru.
  1998 | D:3      | Noticed a sky beast
  2391 | D:3      | Reached * piety under Qazlal
  2453 | D:3      | HP: 1/41 [something (6)]
  2457 | D:3      | Slain by a sky beast

Skill      XL: |  1  2  3  4 |
---------------+-------------+-----
Maces & Flails | 3 4 |  4.3
Dodging        | 3 |  3.5
Fighting       | 3 |  3.1
Throwing       | |  1.7

Action                   |  1- 3 |  4- 6 || total
-------------------------+-------+-------++-------
Melee: Flail             |   150 |    93 ||   243
       Morningstar       |       |    18 ||    18
Throw: Javelin           |       |    16 ||    16
  Use: Scroll            |     4 |     1 ||     5
       Potion            |       |     3 ||     3
  Eat: Chunk             |     2 |     3 ||     5
Armor: Leather armour    |    16 |       ||    16
       Scale mail        |    52 |    98 ||   150
Dodge: Dodged            |   102 |    96 ||   198
